 Dungeon Crawl Stone Soup version 0.29.1-15-g9cfb28693d (webtiles) character file.

Game seed: 4249897034596426256

1595 Peloso the Carver (level 8, -2/67 (71) HPs)
             Began as a Minotaur Fighter on Apr 26, 2023.
             Slain by a wight
             ... wielding a +5 war axe of freezing
              (3 damage)
             ... on level 6 of the Dungeon.
             The game lasted 00:08:57 (6611 turns).

Peloso the Carver (Minotaur Fighter)                Turns: 6611, Time: 00:09:01

HP:   -2/67 (71)    AC: 12    Str: 21    XL:     8   Next: 62%
MP:   7/7           EV:  8    Int:  5    God:
Gold: 185           SH:  5    Dex: 12    Spells: 7/7 levels left

rFire   . . .      SeeInvis .   a - +0 long sword
rCold   . . .      Faith    .   d - +0 buckler
rNeg    . . .      Spirit   .   c - +0 chain mail
rPois   .          Reflect  .   (helmet restricted)
rElec   .          Harm     .   (no cloak)
rCorr   .          Rampage  .   (no gloves)
Will    .....                   g - +0 pair of boots
Stlth   ..........              (no amulet)
HPRegen 0.21/turn               (no ring)
MPRegen 0.10/turn               (no ring)

@: studying Transmutations, drained
A: horns 2, retaliatory headbutt
a: no special abilities


You were on level 6 of the Dungeon.
You visited 2 branches of the dungeon, and saw 7 of its levels.

You collected 185 gold pieces.

Inventory:

Hand Weapons
 a - a +0 long sword (weapon)
Armour
 c - a +0 chain mail (worn)
 d - a +0 buckler (worn)
 g - a +0 pair of boots (worn)
Magical Staves
 b - a staff of fire
Jewellery
 k - a ring of fire
Wands
 o - a wand of quicksilver (13)
Scrolls
 e - 11 scrolls of identify
 h - 2 scrolls of amnesia {unknown}
 i - 5 scrolls of teleportation
 m - a scroll of magic mapping {unknown}
 s - a scroll of torment {unknown}
 t - a scroll of enchant armour {unknown}
 u - a scroll of butterflies {unknown}
 v - a scroll of fear {unknown}
 w - a scroll of vulnerability {unknown}
Potions
 f - 3 potions of might
 j - 2 potions of curing
 l - a potion of flight {unknown}
 n - a potion of resistance {unknown}
 p - a potion of mutation {unknown}
 q - a potion of heal wounds {unknown}
 r - a potion of attraction {unknown}


   Skills:
 + Level 6.5 Fighting
 + Level 9.1 Long Blades
 + Level 7.3 Armour
 + Level 2.1 Dodging
 + Level 0.3 Stealth
 + Level 5.3 Shields


You had 7 spell levels left.
You didn't know any spells.
Your spell library contained the following spells:

 Spells                   Type           Power      Damage    Failure   Level
 Apportation              Tloc           0%         N/A       99%         1
 Necrotise                Necr           0%         1d4       99%         1
 Summon Small Mammal      Summ           0%         N/A       99%         1
 Call Canine Familiar     Summ           0%         N/A       100%        3
 Conjure Flame            Conj/Fire      0%         6-21      100%        3
 Ignite Poison            Fire/Tmut/Pois 0%         N/A       100%        3
 Portal Projectile        Hex/Tloc       0%         N/A       100%        3
 Leda's Liquefaction      Hex/Erth       0%         N/A       100%        4
 Sticky Flame             Conj/Fire      0%         2d3       100%        4


Dungeon Overview and Level Annotations

Branches:
Dungeon (6/15)             Temple (1/1) D:4

Altars:
Ashenzari
Kikubaaqudgha
Sif Muna
Vehumet
Lugonu

Portals:
Abyss: Temple


Innate Abilities, Weirdness & Mutations

You have a pair of horns on your head.
You reflexively headbutt those who attack you in melee.


Message History

You hit the wight but do no damage.
The wight is moderately damaged.
You block the wight's attack.
You barely miss the wight. Your headbutt misses the wight.
The wight is moderately damaged.
The wight hits you but does no damage.
You closely miss the wight.
The wight is moderately damaged.
The wight hits you with a +0 falchion.
You hit the wight but do no damage.
The wight is moderately damaged.
The wight barely misses you.
You slash the wight!
You destroy the wight!
You block the wight's attack. The wight barely misses you.
Things that are here:
a +0 falchion; a +0 robe The wight hits you with a +5 war axe of freezing.
The wight freezes you.
You closely miss the wight. You block the wight's attack.
You hit the wight.
The wight is lightly damaged.
The wight hits you with a +5 war axe of freezing.
The wight freezes you.
You hit the wight but do no damage.
The wight is lightly damaged.
You block the wight's attack.
You hit the wight.
The wight is moderately damaged.
The wight hits you with a +5 war axe of freezing.
You feel drained. The wight freezes you.
You closely miss the wight.
The wight is moderately damaged.
The wight hits you with a +5 war axe of freezing!
* * * LOW HITPOINT WARNING * * *
You feel drained.
* * * LOW HITPOINT WARNING * * *
The wight freezes you.
You die...

..##... ...# ....... .#. ..
...... .. ...
#....##.##....
###....#........
.........(.....#..##.....
..............##...(.... .
.......@....###........#
.........z)...........#.#.#
......................#...#
..........................#
[.....##....#............##
..........).#........<.....
......##...............)..#
..................÷.†..#...
##................#..#.#...


You could see a wight.

Vanquished Creatures
  Menkaure (D:6)
  2 black bears
  An ice beast (D:6)
  2 centaurs (D:5)
  A phantom (D:5)
  A necrophage (D:5)
  A scorpion (D:5)
  3 wights (D:6)
  2 hounds
  2 orc priests
  4 iguanas
  9 orc wizards
  A gnoll (D:3)
  10 adders
  A shadow imp (D:5)
  A white imp (D:5)
  4 dart slugs
  27 orcs
  3 ball pythons
  6 endoplasms
  5 giant cockroaches
  5 goblins
  8 hobgoblins
  3 jackals (D:3)
  8 kobolds
  5 quokkas
  8 bats
  A frilled lizard (D:2)
  8 rats
133 creatures vanquished.

Vanquished Creatures (others)
  An orc wizard (D:5)
1 creature vanquished.

Grand Total: 134 creatures vanquished

Notes
Turn   | Place    | Note
-------+----------+-------------------------------------------
     0 | D:1      | Peloso the Minotaur Fighter began the quest for the Orb.
     0 | D:1      | Reached XP level 1. HP: 19/19 MP: 0/0
   144 | D:1      | Reached XP level 2. HP: 25/27 MP: 1/1
   933 | D:2      | Reached skill level 3 in Long Blades
   933 | D:2      | Reached XP level 3. HP: 33/33 MP: 2/2
  1306 | D:2      | Reached skill level 4 in Long Blades
  1306 | D:2      | Reached XP level 4. HP: 28/41 MP: 3/3
  1791 | D:3      | Found a broken altar of Ashenzari.
  2138 | D:3      | Reached XP level 5. HP: 39/47 MP: 4/4
  2742 | D:3      | You fall into a shaft and drop 1 floor!
  2768 | D:4      | Reached skill level 5 in Long Blades
  3069 | D:4      | Noticed a black bear
  3075 | D:4      | Killed a black bear
  3076 | D:4      | Reached skill level 5 in Fighting
  3076 | D:4      | Reached skill level 1 in Dodging
  3076 | D:4      | Reached XP level 6. HP: 47/56 MP: 5/5
  3694 | D:4      | Found a staircase to the Ecumenical Temple.
  3702 | Temple   | Entered the Ecumenical Temple
  3702 | Temple   | Found a one-way gate to the infinite horrors of the Abyss.
  4126 | D:4      | Reached skill level 5 in Armour
  4423 | D:5      | Entered Level 5 of the Dungeon
  4458 | D:5      | Reached skill level 6 in Long Blades
  4797 | D:5      | Reached XP level 7. HP: 61/61 MP: 6/6
  5072 | D:5      | Found a radiant altar of Vehumet.
  5114 | D:5      | Found an ancient bone altar of Kikubaaqudgha.
  5129 | D:5      | Found a shimmering blue altar of Sif Muna.
  5166 | D:5      | HP: 1/61 [something/puff of flame (6)]
  5170 | D:5      | Reached skill level 7 in Long Blades
  5886 | D:5      | Reached XP level 8. HP: 66/70 MP: 7/7
  5900 | D:5      | Reached skill level 8 in Long Blades
  6149 | D:6      | Reached skill level 5 in Shields
  6432 | D:6      | Noticed Menkaure
  6442 | D:6      | Killed Menkaure
  6564 | D:6      | Reached skill level 9 in Long Blades
  6611 | D:6      | HP: 1/67 [wight/+5 war axe of freezing (5)]
  6611 | D:6      | Slain by a wight

Illustrated notes

Levels and vault maps discovered:
D:1:      dpeg_arrival_prison, layout_rooms
D:2:      layout_rooms, serial_rivers, chequers_serial_rivers_large_b,
          chequers_serial_rivers_micro_a, chequers_serial_rivers_micro_c,
          chequers_serial_rivers_room_b, minmay_increasing_density
D:3:      kb_forest_paths, layout_basic, mainiacjoe_overflow_tiny_flanked,
          nicolae_hexahallways, st_stairs_3
D:4:      layout_loops_ring, minmay_temple_entry_hall, kennysheep_generic_room_7
D:5:      layout_loops_corners, palyth_temple_overflow_mages, st_stairs_3,
          minivault_24, minmay_misc_feat_secret_circle, minmay_manual_mares
D:6:      layout_basic, uniq_menkaure
Temple:   nicolae_temple_total_abyssal_victory

Skill      XL: |  1  2  3  4  5  6  7  8 |
---------------+-------------------------+-----
Fighting       | 4 5 6 |  6.5
Shields        | 4 5 |  5.3
Long Blades    | 3 4 5 6 7 9 |  9.1
Armour         | 4 5 6 7 |  7.3
Dodging        | 1 2 |  2.1
Stealth        | |  0.3

Action                   |  1- 3 |  4- 6 |  7- 9 || total
-------------------------+-------+-------+-------++-------
Melee: Long sword        |   106 |   196 |   152 ||   454
       Headbutt          |    14 |    30 |    27 ||    71
  Use: Potion            |     2 |       |     1 ||     3
       Scroll            |     1 |       |       ||     1
Armor: Scale mail        |    11 |       |       ||    11
       Chain mail        |    54 |   101 |    96 ||   251
Dodge: Dodged            |    49 |    66 |    40 ||   155
Block: Buckler           |    23 |    48 |    25 ||    96
